 Dungeon Crawl Stone Soup version 0.31-a0-277-g31ea1f65cc (webtiles) character file.

Game seed: 3254208367905360100

2853 gruber the Grappler (level 9, -7/93 HPs)
             Began as a Troll Shapeshifter on July 15, 2023.
             Mangled by a gnoll sergeant
             ... wielding a +0 glaive
              (10 damage)
             ... in a bailey.
             The game lasted 00:05:57 (3912 turns).

gruber the Grappler (Troll Shapeshifter)            Turns: 3912, Time: 00:05:58

Health: -7/93      AC:  8    Str: 29    XL:     9   Next: 46%
Magic:  8/8        EV: 11    Int:  4    God:
Gold:   403        SH:  0    Dex: 16    Spells: 8/8 levels left

rFire   . .          .
                       - Unarmed
rCold   + . .        (no shield)
rNeg    . . .        y - +0 acid dragon scales
rPois   .            (helmet currently unavailable)
rElec   .            (cloak currently unavailable)
rCorr   +            (gloves unavailable)
SInv    .            (boots unavailable)
Will    .....        (no amulet)
Stlth   +            s - ring of protection from cold
HPRegen 1.15/turn    B - +6 ring of dexterity
MPRegen 0.11/turn

%: no passive effects
@: mighty, beast-form
A: beast (slay +2), large, unfitting armour, claws 3, regeneration 1, shaggy fur
1, tough skin 1
a: Begin Untransformation


You were in a bailey.
You were a hulking beast.
You visited 1 branch of the dungeon, and saw 7 of its levels.
You also visited: Bailey.

You collected 403 gold pieces.

Inventory:

Armour
 a - a +0 animal skin
 y - +0 acid dragon scales (worn)
Jewellery
 s - a ring of protection from cold (left claw)
 B - a +6 ring of dexterity (right claw)
Talismans
 c - a beast talisman
Wands
 l - a wand of flame (9)
 o - a wand of polymorph (12)
 G - a wand of acid (13)
Scrolls
 d - 2 scrolls of amnesia {unknown}
 g - 6 scrolls of identify {unknown}
 j - 2 scrolls of fog {unknown}
 k - 2 scrolls of teleportation {unknown}
 m - a scroll of immolation {unknown}
 p - 2 scrolls of blinking {unknown}
 r - 2 scrolls of revelation {unknown}
 u - 2 scrolls of poison {unknown}
 v - a scroll of silence {unknown}
 x - a scroll of noise {unknown}
 A - a scroll of acquirement {unknown}
 C - a scroll of vulnerability {unknown}
 E - a scroll of fear {unknown}
 F - a scroll of torment {unknown}
Potions
 b - 3 potions of lignification
 f - a potion of mutation {unknown}
 h - a potion of heal wounds {unknown}
 i - 3 potions of curing
 n - a potion of berserk rage {unknown}
 q - a potion of attraction {unknown}
 t - 2 potions of resistance {unknown}
 w - a potion of enlightenment {unknown}
 z - a potion of degeneration
 D - a potion of brilliance {unknown}


   Skills:
 - Level 7.1 Fighting
 - Level 4.2 Dodging
 * Level 9.2 Unarmed Combat
 - Level 3.0 Shapeshifting


You had 8 spell levels left.
You didn't know any spells.
Your spell library contained the following spells:

 Spells                   Type           Power      Damage    Failure   Level
 Apportation              Tloc           0%         N/A       56%         1
 Poisonous Vapours        Pois/Air       0%         N/A       71%         2
 Mephitic Cloud           Conj/Pois/Air  0%         N/A       90%         3
 Alistair's Intoxication  Tmut/Pois      0%         N/A       100%        5
 Freezing Cloud           Conj/Ice/Air   0%         6-21      100%        5


Dungeon Overview and Level Annotations

Branches:
Dungeon (7/15)             Temple (0/1) D:7          Bailey (1/1)

Altars:
Hepliaklqana
Kikubaaqudgha
Makhleb
Nemelex Xobeh
Zin
The Shining One

Annotations:
D:4 2 transporters


Innate Abilities, Weirdness & Mutations

You are a hulking beast.
Your limbs bulge with bestial killing power. (Slay +2)
You are too large for most types of armour.
You have claws for hands.
Your natural rate of healing is unusually fast.
You are covered in fur. (AC +1)
You have tough skin. (AC +1)


Message History

The gnoll is almost dead.
The gnoll hits you with a +0 spear. The gnoll completely misses you.
You claw the gnoll!
You kill the gnoll!
The gnoll sergeant closely misses you. The gnoll bouda closely misses you.
The gnoll hits you from afar with a +0 spear!
The gnoll sergeant hits you with a +0 glaive!
The gnoll bouda hits you with a +0 trident.
The gnoll hits you from afar with a +0 spear.
The gnoll hits you but does no damage.
Items here: )) [[.
You closely miss the gnoll bouda. You claw the gnoll bouda.
The gnoll bouda is moderately wounded.
Your attacks no longer feel as feeble.
The gnoll sergeant hits you with a +0 glaive.
The gnoll bouda hits you with a +0 trident!
* * * LOW HITPOINT WARNING * * *
It was a potion of curing.
You feel better. The gnoll barely misses you. x2
The gnoll sergeant hits you with a +0 glaive!
* * * LOW HITPOINT WARNING * * *
The gnoll bouda closely misses you.
It was a potion of might.
You feel very mighty all of a sudden. The gnoll hits you but does no damage.
The gnoll completely misses you.
The gnoll sergeant hits you with a +0 glaive!
* * * LOW HITPOINT WARNING * * *
The gnoll bouda hits you but does no damage.
You mangle the gnoll bouda!!
You kill the gnoll bouda!
The gnoll closely misses you. The gnoll hits you with a +0 spear.
* * * LOW HITPOINT WARNING * * *
The gnoll sergeant hits you with a +0 glaive.
* * * LOW HITPOINT WARNING * * *
Unknown command.
You mangle the gnoll sergeant!!
The gnoll sergeant is severely wounded.
The gnoll closely misses you. The gnoll hits you with a +0 spear.
* * * LOW HITPOINT WARNING * * *
The gnoll sergeant hits you with a +0 glaive!
You die...

### ♣∩♣ ♣†♣ ♣♣h♣♣
♣♣g)g♣♣♣♣
♣♣♣♣..g....♣♣
♣♣...........♣♣♣
...............♣
≈≈≈≈≈≈...≈≈≈≈≈≈≈♣
...............≈≈♣
................≈♣
######'''######.≈♣


You could see a gnoll sergeant (swift) and 2 gnolls.

Vanquished Creatures
  Pikel (D:7)
  Maggie (D:6)
  Prince Ribbit (D:5)
  A steam dragon (D:7)
  Menkaure (D:5)
  An ogre (D:6)
  2 phantoms (D:7)
  A centaur (D:6)
  2 bullfrogs
  A scorpion (D:5)
  5 wights (D:7)
  A quasit (D:6)
  8 hounds
  A jelly (D:4)
  2 gnoll boudas
  2 orc priests (D:7)
  2 iguanas
  2 sleepcaps
  3 orc wizards (D:7)
  16 gnolls
  9 adders
  A shadow imp (D:7)
  A white imp (D:7)
  An ufetubus (D:5)
  A worm (D:4)
  2 dart slugs (D:1)
  9 orcs
  7 ball pythons
  7 bats
  4 endoplasms
  3 giant cockroaches
  7 goblins
  3 hobgoblins
  3 jackals (D:4)
  4 quokkas
  7 frilled lizards
  A goblin skeleton (D:6)
  2 goblin zombies (D:6)
  7 hobgoblin zombies (D:6)
  5 kobolds
  2 kobold skeletons (D:6)
  11 rats
151 creatures vanquished.

Notes
Turn   | Place    | Note
-------+----------+-------------------------------------------
     0 | D:1      | gruber the Troll Shapeshifter began the quest for the Orb.
     0 | D:1      | Reached XP level 1. HP: 19/19 MP: 0/0
    64 | D:1      | Reached XP level 2. HP: 17/27 MP: 1/1
   199 | D:1      | Reached skill level 3 in Unarmed Combat
   557 | D:1      | Reached XP level 3. HP: 33/33 MP: 2/2
   978 | D:2      | Reached skill level 4 in Unarmed Combat
  1319 | D:2      | Reached XP level 4. HP: 22/41 MP: 3/3
  1507 | D:3      | Reached skill level 5 in Unarmed Combat
  1779 | D:4      | Reached XP level 5. HP: 49/49 MP: 4/4
  1908 | D:4      | Found a transporter.
  1912 | D:4      | Found a transporter.
  1927 | D:4      | Found a glowing silver altar of Zin.
  2101 | D:4      | You fall into a shaft and drop 1 floor!
  2101 | D:5      | Entered Level 5 of the Dungeon
  2157 | D:5      | Reached XP level 6. HP: 31/57 MP: 5/5
  2756 | D:6      | Reached XP level 7. HP: 48/65 MP: 6/6
  2789 | D:6      | Found a glowing golden altar of the Shining One.
  2851 | D:6      | Noticed Maggie
  2863 | D:6      | Killed Maggie
  2864 | D:6      | Reached skill level 7 in Unarmed Combat
  2924 | D:6      | Noticed Prince Ribbit
  2924 | D:6      | Noticed Menkaure
  3005 | D:6      | Reached XP level 8. HP: 71/71 MP: 7/7
  3044 | D:6      | Reached skill level 8 in Unarmed Combat
  3066 | D:5      | Killed Prince Ribbit
  3162 | D:5      | Killed Menkaure
  3163 | D:5      | Reached skill level 9 in Unarmed Combat
  3252 | D:6      | Found a hazy altar of Hepliaklqana.
  3604 | D:7      | Noticed Pikel
  3624 | D:7      | Reached skill level 5 in Fighting
  3631 | D:7      | Reached XP level 9. HP: 82/88 MP: 8/8
  3636 | D:7      | Killed Pikel
  3653 | D:7      | Found a sparkling altar of Nemelex Xobeh.
  3672 | D:7      | Found a burning altar of Makhleb.
  3775 | D:7      | Found an ancient bone altar of Kikubaaqudgha.
  3781 | D:7      | Found a staircase to the Ecumenical Temple.
  3804 | D:7      | Found a flagged portal.
  3832 | Bailey   | Entered a bailey
  3912 | Bailey   | HP: 3/93 [gnoll/+0 spear (4)]
  3912 | Bailey   | Mangled by a gnoll sergeant

Illustrated notes

Levels and vault maps discovered:
D:1:      erik_arrival_cave_to_civilisation [erik_arrival_cave_to_hall],
          layout_basic
D:2:      layout_loops_cross
D:3:      layout_rooms, minmay_distorted
D:4:      gammafunk_steamed_eel, layout_loops_ring, zin_academy
D:5:      layout_rooms, minmay_strange_pillars
D:6:      layout_rooms, nicolae_tso_besieged_by_evil, amcnicky_altar_gilded,
          uniq_prince_ribbit1, uniq_menkaure, uniq_maggie
D:7:      layout_rooms, overflow_temple_1_default, mainiacjoe_overflow_chevrons,
          nicolae_overflow_crystal_walls, minmay_temple_entry_crystal_x,
          enter_bailey_7, uniq_pikel
Bailey:   bailey_polearm_gnolls_kennysheep, bailey

Skill      XL: |  1  2  3  4  5  6  7  8  9 |
---------------+----------------------------+-----
Unarmed Combat | 3 4 5 7 9 |  9.2
Fighting       | 2 5 7 |  7.1
Dodging        | 3 4 |  4.2
Shapeshifting  | |  3.0

Action                     |  1- 3 |  4- 6 |  7- 9 || total
---------------------------+-------+-------+-------++-------
  Melee: Unarmed           |    90 |   102 |   176 ||   368
         Punch             |     5 |     1 |     8 ||    14
    Use: Potion            |       |       |     2 ||     2
   Stab: Sleeping          |     1 |     1 |       ||     2
 Armour: Animal skin       |    29 |    32 |     7 ||    68
         Acid dragon scale |       |       |    48 ||    48
  Dodge: Dodged            |    62 |    46 |    96 ||   204

Table legend: (Time is in decaauts)
 A = Elapsed time spent in this place.
 B = Non-inter-level travel time spent in this place.
 C = Inter-level travel time spent in this place.
 D = Time resting spent in this place.
 E = Time spent auto-exploring this place.
 F = Levels seen in this place.
 G = Mean time per level.
                   A        B        C        D        E       F      G
               +--------+--------+--------+--------+--------+-----+--------+
         Total |   3871 |   3706 |    165 |    110 |   2716 |   8 |  483.9 |
       Dungeon |   3794 |   3629 |    165 |    110 |   2683 |   7 |  542.0 |
        Bailey |     76 |     76 |      0 |      0 |     33 |   1 |   76.0 |
               +--------+--------+--------+--------+--------+-----+--------+

Top non-repeatable levels by time:
     D:1: 776 daAuts
     D:2: 701 daAuts
     D:5: 628 daAuts
     D:4: 545 daAuts
     D:6: 511 daAuts
     D:7: 346 daAuts
     D:3: 283 daAuts
  Bailey: 76 daAuts
